 Dungeon Crawl Stone Soup version 0.31-a0-7-g51783674b7 (webtiles) character file.

Game seed: 14084992208231131239

23 jasper the Twirler (level 3, 0/27 HPs)
             Began as a Human Gladiator on May 5, 2023.
             Killed by divine providence
             ... invoked by an orc priest
              (14 damage)
             ... on level 3 of the Dungeon.
             The game lasted 00:01:47 (649 turns).

jasper the Twirler (Human Gladiator)                 Turns: 649, Time: 00:01:47

Health: 0/27       AC:  8    Str: 16    XL:     3   Next: 12%
Magic:  3/3        EV: 10    Int:  8    God:
Gold:   0          SH:  0    Dex: 14    Spells: 2/2 levels left

rFire   . . .        a - +0 quarterstaff
rCold   . . .        (shield currently unavailable)
rNeg    . . .        m - +0 scale mail
rPois   .            c - +0 helmet
rElec   .            (no cloak)
rCorr   .            l - +0 pair of gloves
SInv    .            (no boots)
Will    +....        (no amulet) Stlth
                     h - ring of willpower
HPRegen 0.24/turn    (no ring)
MPRegen 0.08/turn

%: no passive effects
@: no status effects
A: no striking features
a: no special abilities


You were on level 3 of the Dungeon.
You visited 1 branch of the dungeon, and saw 3 of its levels.

Inventory:

Hand Weapons
 a - a +0 quarterstaff (weapon)
 k - a +0 sling
Missiles
 d - 3 throwing nets (quivered)
 e - a javelin
 j - 5 stones
 o - 3 boomerangs
Armour
 b - a +0 leather armour
 c - a +0 helmet (worn)
 l - a +0 pair of gloves (worn)
 m - a +0 scale mail (worn)
Jewellery
 h - a ring of willpower (left hand)
Scrolls
 f - a scroll of fog {unknown}
 g - a scroll of fear {unknown}
Potions
 i - a potion of flight {unknown}
 n - a potion of degeneration {unknown}


   Skills:
 - Level 2.0 Fighting
 + Level 4.1 Staves
 - Level 2.0 Throwing
 - Level 3.0 Dodging


You had 2 spell levels left.
You didn't know any spells.
Your spell library contained the following spells:

 Spells                   Type           Power      Damage    Failure   Level
 Lesser Beckoning         Tloc           0%         N/A       94%         2
 Gell's Gravitas          Tloc           0%         N/A       99%         3
 Teleport Other           Tloc           0%         N/A       99%         3


Dungeon Overview and Level Annotations

Branches:
Dungeon (3/15)

Altars:
Xom


Message History

The orc hits you but does no damage.
The orc priest miscasts a cantrip.
The orc barely misses you.
You hit the orc.
The orc is almost dead.
The orc barely misses you.
Health restored: 27 You completely miss the orc.
The orc is almost dead.
The orc hits you with a +0 short sword.
The orc priest invokes the aid of Beogh against you.
Beogh smites you!
You take 12 damage, and have 15/27 hp.
MASSIVE DAMAGE!!
You closely miss the orc.
The orc is almost dead.
The orc hits you but does no damage.
You barely miss the orc.
The orc is almost dead.
The orc hits you with a +0 short sword.
Okay, then.
You aren't carrying any items that you can evoke.
Unknown command.
You hit the orc.
You kill the orc!
You barely miss the orc. The orc hits you but does no damage.
You thump the orc!
The orc is almost dead.
The orc hits you with a +2 mace of protection.
You take 2 damage, and have 13/27 hp.
Press: ? - help, v - describe, . - travel, g - get item
Here: an orc, wielding a +2 mace of protection (almost dead)
Items here: ( ))) [[ ††.
An open door, spattered with blood.
Unknown command.
You barely miss the orc.
The orc is almost dead.
The orc priest calls down the wrath of Beogh upon you.
Beogh smites you!
Ouch! That really hurt!
You die...

####
#.##########
##...#### #.#
........# #.#
........### #.#
..........# #.#
......#...####.#
##... #.....##.#
#....#....J##.#
+....+....ro@$#
.#....#....o####
............#
............#
............#
.........####
.........#
.......J.####
............#


You could see an orc priest, an orc, an endoplasm and a rat.

Vanquished Creatures
  3 orcs (D:3)
  A ball python (D:2)
  2 bats (D:2)
  2 endoplasms (D:2)
  2 giant cockroaches (D:2)
  3 goblins (D:2)
  A frilled lizard (D:3)
  2 kobolds (D:2)
  3 rats (D:2)
19 creatures vanquished.

Notes
Turn   | Place    | Note
-------+----------+-------------------------------------------
     0 | D:1      | jasper the Human Gladiator began the quest for the Orb.
     0 | D:1      | Reached XP level 1. HP: 16/16 MP: 1/1
   124 | D:2      | Reached XP level 2. HP: 22/22 MP: 2/2
   281 | D:2      | Found a shimmering altar of Xom.
   640 | D:3      | Reached skill level 4 in Staves
   640 | D:3      | Reached XP level 3. HP: 26/27 MP: 3/3
   649 | D:3      | Killed from afar by an orc priest

Illustrated notes

Levels and vault maps discovered:
D:1:      amcnicky_arrival_gap_in_the_tavern_cellar, layout_basic
D:2:      layout_basic, basic_altar
D:3:      layout_basic, mainiacjoe_overflow_chevrons, grunt_temple_overflow_open

Skill      XL: |  1  2 |
---------------+-------+-----
Staves         | 4 |  4.1
Fighting       | |  2.0
Throwing       | |  2.0
Dodging        | |  3.0

Action                     || total
---------------------------++-------
  Melee: Quarterstaff      ||    75
   Fire: Sling             ||     6
   Stab: Sleeping          ||     1
 Armour: Leather armour    ||    23
         Scale mail        ||     9
  Dodge: Dodged            ||    50

Table legend: (Time is in decaauts)
 A = Elapsed time spent in this place.
 B = Non-inter-level travel time spent in this place.
 C = Inter-level travel time spent in this place.
 D = Time resting spent in this place.
 E = Time spent auto-exploring this place.
 F = Levels seen in this place.
 G = Mean time per level.
                   A        B        C        D        E       F      G
               +--------+--------+--------+--------+--------+-----+--------+
         Total |    660 |    617 |     43 |     72 |    287 |   3 |  220.0 |
       Dungeon |    660 |    617 |     43 |     72 |    287 |   3 |  220.0 |
               +--------+--------+--------+--------+--------+-----+--------+

Top non-repeatable levels by time:
     D:2: 533 daAuts
     D:3: 124 daAuts
     D:1: 3 daAuts
